 Dungeon Crawl Stone Soup version 0.29-a0-553-g81b289dbe5 (webtiles) character file.

Game seed: 13230221165725323725

28 testman the Shield-Bearer (level 3, -5/30 HPs)
             Began as a Meteoran Wanderer on June 6, 2022.
             Slain by a gnoll
             ... wielding a +0 spear
              (6 damage)
             ... on level 2 of the Dungeon.
             The game lasted 00:02:30 (354 turns).

testman the Shield-Bearer (Meteoran Wanderer)        Turns: 354, Time: 00:02:31

Health: -5/30      AC: 14    Str: 14    XL:     3   Next: 50%
Magic:  4/4        EV:  4    Int: 11    God:
Gold:   35         SH:  7    Dex: 17    Spells: 2/2 levels left

rFire   . . .      SeeInvis .   a - +0 short sword
rCold   . . .      Faith    .   b - +2 buckler
rNeg    . . .      Spirit   .   h - +3 plate armour
rPois   .          Reflect  .   c - +0 helmet
rElec   .          Harm     .   (no cloak)
rCorr   .          Rampage  .   (no gloves)
Will    .....                   (no boots)
Stlth   ..........              (no amulet)
HPRegen 0.10/turn               (no ring)
MPRegen 0.09/turn               (no ring)

@: glowing
A: sense surroundings 1, otherworldly, glowing, explore regen
a: no special abilities


You were on level 2 of the Dungeon.
You visited 1 branch of the dungeon, and saw 2 of its levels.

You collected 35 gold pieces.

Inventory:

Hand Weapons
 a - a +0 short sword (weapon)
Armour
 b - a +2 buckler (worn)
 c - a +0 helmet (worn)
 e - a +0 leather armour
 h - a +3 plate armour (worn)
Scrolls
 f - a scroll of fear {unknown}
Potions
 d - a potion of haste
 g - a potion of mutation {unknown}


   Skills:
 + Level 2.6 Fighting
 - Level 2.1 Short Blades
 + Level 1.1 Armour
 - Level 3.0 Dodging
 - Level 3.6 Shields
 - Level 2.4 Evocations


You had 2 spell levels left.
You didn't know any spells.
Your spell library contained the following spells:

 Spells                   Type           Power      Damage    Failure   Level
 Magic Dart               Conj           0%         1d3       100%        1
 Call Imp                 Summ           0%         N/A       100%        2
 Mephitic Cloud           Conj/Pois/Air  0%         N/A       100%        3


Dungeon Overview and Level Annotations

Branches:
Dungeon (2/15)

Altars:

Shops:
D:1 !


Innate Abilities, Weirdness & Mutations

You passively map a small area around you.
You are easily found by Zot.
You glow in the dark.
You regain HP and MP as you explore.


Message History

The ball python constricts you. The gnoll hits you with a +0 whip.
You block the gnoll's attack.
You are too injured to fight recklessly!
You escape the ball python's grasp.
The ball python attacks as you move away!
The ball python bites you. The gnoll attacks as you move away!
The gnoll hits you but does no damage.
Unknown command.
You hit the gnoll but do no damage.
The gnoll is moderately wounded.
The gnoll barely misses you. You block the gnoll's attack.
You hit the gnoll.
The gnoll is almost dead.
You block the gnoll's attack.
The gnoll hits you from afar with a +0 spear.
* * * LOW HITPOINT WARNING * * *
You hit the gnoll.
The gnoll is almost dead.
The gnoll completely misses you. You block the gnoll's attack.
You hit the gnoll.
You kill the gnoll!
The gnoll hits you but does no damage.
The ball python bites you but does no damage.
The ball python grabs you. The ball python constricts you.
Your Armour skill increases to level 1!
You hit the ball python but do no damage.
The ball python is heavily wounded.
The gnoll hits you from afar with a +0 spear!
* * * LOW HITPOINT WARNING * * *
The ball python bites you but does no damage.
The ball python constricts you.
You barely miss the ball python.
The ball python is heavily wounded.
The gnoll hits you from afar with a +0 spear.
* * * LOW HITPOINT WARNING * * *
You block the ball python's attack. The ball python constricts you.
You hit the ball python.
You kill the ball python!
The gnoll hits you from afar with a +0 spear.
You die...

* #.########
##......<# , *
#.##.....######
*
..............#
,####....†####.#
* #.....# #.# *
###.### ##!## *
#.#####...### ,
#....@).....# ,
#######g..#$# *
*##..# ,
..!....S...# *
,########...# ,*
* *...# ...# *
.... , * * ...#.


You could see a gnoll.

Vanquished Creatures
  A gnoll (D:2)
  A dart slug (D:1)
  A bat (D:1)
  An endoplasm (D:1)
  A goblin (D:1)
  A hobgoblin (D:1)
  3 jackals (D:1)
  A quokka (D:1)
  4 ball pythons
  A kobold (D:1)
  2 rats (D:1)
17 creatures vanquished.

Notes
Turn   | Place    | Note
-------+----------+-------------------------------------------
     0 | D:1      | testman the Meteoran Wanderer began the quest for the Orb.
     0 | D:1      | testman set off with the following items: a +0 short sword,
                  | a +2 buckler, a +0 helmet, a potion of haste, a +0 leather
                  | armour
     0 | D:1      | Reached XP level 1. HP: 16/16 MP: 2/2
   158 | D:1      | Reached XP level 2. HP: 12/23 MP: 3/3
   218 | D:1      | Found Jeot's Distillery.
   287 | D:1      | Reached XP level 3. HP: 30/30 MP: 4/4
   352 | D:2      | Reached skill level 1 in Armour
   353 | D:2      | HP: 1/30 [gnoll/+0 spear (1)]
   354 | D:2      | Slain by a gnoll

Illustrated notes

Levels and vault maps discovered:
D:1:      dpeg_arrival_castle, layout_basic, serial_shops,
          nicolae_shop_waterfront, minmay_pentomino_t2
D:2:      layout_loops_ring

Skill      XL: |  1  2  3 |
---------------+----------+-----
Dodging        | 3 |  3.0
Fighting       | 2 |  2.6
Armour         | 1 |  1.1
Short Blades   | |  2.1
Shields        | |  3.6
Evocations     | |  2.4

Action                   || total
-------------------------++-------
Melee: Short sword       ||    59
Armor: Leather armour    ||     7
       Plate armour      ||    10
Dodge: Dodged            ||    14
Block: Buckler           ||    28

Table legend: (Time is in decaauts)
 A = Elapsed time spent in this place.
 B = Non-inter-level travel time spent in this place.
 C = Inter-level travel time spent in this place.
 D = Time resting spent in this place.
 E = Time spent auto-exploring this place.
 F = Levels seen in this place.
 G = Mean time per level.
                   A        B        C        D        E       F      G
               +--------+--------+--------+--------+--------+-----+--------+
         Total |    358 |    355 |      3 |      0 |    192 |   2 |  179.0 |
       Dungeon |    358 |    355 |      3 |      0 |    192 |   2 |  179.0 |
               +--------+--------+--------+--------+--------+-----+--------+

Top non-repeatable levels by time:
     D:1: 322 daAuts
     D:2: 35 daAuts
